 Dungeon Crawl Stone Soup version 0.31-a0-1469-gd420192249 (webtiles) character file.

Game seed: 9846487119392667547

169284 grandjackal the End of an Era (level 17, 0/140 (149) HPs)
             Began as a Demonspawn Gladiator on Dec 29, 2023.
             Was the Champion of Qazlal.
             Killed from afar by a jorogumo (13 damage)
             ... with a bolt of negative energy
             ... on level 4 of the Spider Nest.
             The game lasted 00:32:44 (24581 turns).

grandjackal the End of an Era (DsGl)               Turns: 24581, Time: 00:32:45

HP:   0/140 (149)   AC: 25    Str: 25    XL:     17   Next: 35%
MP:   31/31         EV:  8    Int: 15    God:    Qazlal [******]
Gold: 1382          SH: 14    Dex: 15    Spells: 16/16 levels left

rFire   . . .        C - +7 broad axe (heavy)
rCold   + . .        U - +0 buckler {reflect}
rNeg    + . .        O - +3 plate armour of Baggukk {rN+ Str+4 Int+2 SInv}
rPois   +            (helmet unavailable)
rElec   +            W - +2 cloak
rCorr   .            (no gloves)
SInv    +            M - +2 pair of boots
Will    ++...        r - amulet of regeneration Stlth
                     s - ring of poison resistance
HPRegen 1.23/turn    F - ring of Wigrok {rElec Will+ Int+3 Slay+2}
MPRegen 0.22/turn

%: repel missiles, reflection
@: lethally poisoned (0 -> -2), protected from cold, drained
A: antennae 3, thin metallic scales 2, demonic guardian 2, spiny 1, black mark,
bedeviling
a: Renounce Religion, Upheaval, Elemental Force, Disaster Area


You were on level 4 of the Spider Nest.
You worshipped Qazlal.
Qazlal was exalted by your worship.
You visited 5 branches of the dungeon, and saw 27 of its levels.
You also visited: Ossuary and Bailey.

You collected 2734 gold pieces.
You spent 1352 gold pieces at shops.

Inventory:

Hand Weapons
 i - a +2 heavy trident
 C - a +7 heavy broad axe (weapon)
Missiles
 d - 5 throwing nets (quivered)
 e - 5 javelins
Armour
 j - a +1 plate armour of cold resistance
 H - the -1 pair of boots of Gozag, Dancing {Will+ rCorr Str-3}
   (You found it in a bailey)

   Str-3:     It affects your strength (-3).
   Will+:     It increases your willpower.
   rCorr:     It protects you from acid and corrosion.
 M - a +2 pair of boots (worn)
 N - a +3 chain mail of willpower
 O - the +3 plate armour of Baggukk (worn) {rN+ Str+4 Int+2 SInv}
   (You bought it in a shop on level 3 of the Dungeon)

   Str+4:     It affects your strength (+4).
   Int+2:     It affects your intelligence (+2).
   rN+:       It protects you from negative energy.
   SInv:      It lets you see invisible.
 S - a +0 kite shield
 U - a +0 buckler of reflection (worn)
 W - a +2 cloak (worn)
Jewellery
 r - an amulet of regeneration (around neck)
 s - a ring of poison resistance (left hand)
 F - the ring of Wigrok (right hand) {rElec Will+ Int+3 Slay+2}
   (You found it on level 6 of the Dungeon)

   [ring of willpower]

   Int+3:     It affects your intelligence (+3).
   Slay+2:    It affects your accuracy & damage with ranged weapons and melee
   (+2).
   rElec:     It insulates you from electricity.
   Will+:     It increases your willpower.
 J - a ring of resist corrosion
Wands
 g - a wand of paralysis (9)
 o - a wand of acid (2)
 v - a wand of polymorph (13)
 I - a wand of roots (12)
 R - a wand of digging (8)
 V - a wand of flame (19)
Scrolls
 f - 6 scrolls of noise {unknown}
 k - 4 scrolls of blinking
 m - 7 scrolls of immolation
 n - 6 scrolls of silence {unknown}
 q - 4 scrolls of fog {unknown}
 u - a scroll of summoning
 y - 11 scrolls of fear {unknown}
 z - 4 scrolls of revelation {unknown}
 E - 4 scrolls of teleportation
 G - 2 scrolls of vulnerability
 K - a scroll of torment
 L - a scroll of poison
 Q - a scroll of enchant armour
 T - a scroll of identify
Potions
 a - a potion of magic
 b - 4 potions of lignification
 c - 3 potions of curing
 h - 5 potions of might
 l - 3 potions of mutation
 p - a potion of resistance
 t - 3 potions of heal wounds
 w - 2 potions of berserk rage
 x - 2 potions of haste
 A - a potion of invisibility
 B - a potion of enlightenment
 D - 3 potions of cancellation


   Skills:
 + Level 18.0 Fighting
 + Level 16.6 Axes
 - Level 2.0 Throwing
 - Level 6.0 Armour
 - Level 3.0 Dodging
 + Level 8.2 Shields
 + Level 21.0 Invocations


You had 16 spell levels left.
You didn't know any spells.
Your spell library contained the following spells:

 Spells                   Type           Power      Damage    Failure   Level
 Magic Dart               Conj           0%         1d3       99%         1
 Blink                    Tloc           0%         N/A       99%         2
 Call Imp                 Summ           0%         N/A       99%         2
 Cigotuvi's Dreadful Rot  Necr/Alch/Air  0%         N/A       99%         2
 Ensorcelled Hibernation  Hex/Ice        0%         N/A       99%         2
 Sublimation of Blood     Necr           0%         N/A       99%         2
 Call Canine Familiar     Summ           0%         N/A       100%        3
 Fugue of the Fallen      Necr           0%         N/A       100%        3
 Gell's Gravitas          Tloc           0%         N/A       100%        3
 Inner Flame              Hex/Fire       0%         N/A       100%        3
 Ozocubu's Armour         Ice            0%         N/A       100%        3
 Sigil of Binding         Hex            0%         N/A       100%        3
 Teleport Other           Tloc           0%         N/A       100%        3
 Tukima's Dance           Hex            0%         N/A       100%        3
 Anguish                  Hex/Necr       0%         N/A       100%        4
 Animate Dead             Necr           0%         N/A       100%        4
 Dimensional Bullseye     Hex/Tloc       0%         N/A       100%        4
 Dispel Undead            Necr           0%         3d6       100%        4
 Iskenderun's Mystic Bla  Conj/Tloc      0%         2d3       100%        4
 Manifold Assault         Tloc           0%         N/A       100%        4
 Martyr's Knell           Necr/Summ      0%         N/A       100%        4
 Petrify                  Alch/Erth      0%         N/A       100%        4
 Borgnjor's Vile Clutch   Necr/Erth      0%         N/A       100%        5
 Irradiate                Conj/Alch      0%         3d11      100%        5
 Metabolic Englaciation   Hex/Ice        0%         N/A       100%        5
 Conjure Ball Lightning   Conj/Air       0%         3x3d6     100%        6
 Death Channel            Necr           0%         N/A       100%        6
 Dispersal                Tloc           0%         N/A       100%        6
 Sculpt Simulacrum        Ice/Alch       0%         N/A       100%        6
 Haunt                    Necr/Summ      0%         N/A       100%        7
 Summon Hydra             Summ           0%         N/A       100%        7
 Discord                  Hex            0%         N/A       100%        8
 Disjunction              Tloc           0%         N/A       100%        8
 Ignition                 Fire           0%         3d3       100%        8
 Infestation              Necr           0%         N/A       100%        8


Dungeon Overview and Level Annotations

Branches:
Dungeon (15/15)            Temple (1/1) D:6            Lair (5/5) D:11
 Shoals (0/4) Lair:3       Spider (4/4) Lair:3        Slime (0/5) Lair:5
    Orc (2/2) D:9             Elf (0/3) Orc:2        Vaults (0/5) D:13
 Depths (0/4) D:15        Ossuary (visited)          Bailey (visited)

Altars:
Ashenzari
Cheibriados
Dithmenos
Fedhas
Gozag
Hepliaklqana
Kikubaaqudgha
Makhleb
Nemelex Xobeh
Okawaru
Qazlal
Ru
Sif Muna
Trog
Uskayaw
Vehumet
Wu Jian
Xom
Yredelemnul

Shops:
D:1 :   D:3 *   D:7 *   D:11 (   D:15 (   Orc:2 :[(*=

Annotations:
D:7 2 transporters, BigPumpCobain's ghost, novice DrSh
D:15 3 runed translucent doors, Archuejo's ghost, journeyman MiCj


Innate Abilities, Weirdness & Mutations

You have a pair of large antennae on your head. (SInv)
You are mostly covered in thin metallic scales. (AC +3)
A demonic guardian rushes to your aid.
You are partially covered in sharp spines.
Your melee attacks may debilitate your foes.
Your hexes are more powerful.


Message History

Your resistance to physical damage fades away.
You feel protected from cold.
* * * LOW HITPOINT WARNING * * *
A demonic guardian appears!
The emperor scorpion simulacrum barely misses you.
The jorogumo casts a spell at you. The bolt of negative energy hits you!
You partially resist.
You feel drained.
* * * LOW HITPOINT WARNING * * *
Unknown command.
You feel much better.
You feel sick.
Your sixfirhy hits the emperor scorpion simulacrum but does no damage.
You block the demonic crawler's attack. x2; The demonic crawler hits you.
* * * LOW HITPOINT WARNING * * *
Your sixfirhy hits the emperor scorpion simulacrum but does no damage.
The emperor scorpion simulacrum hits you but does no damage.
The emperor scorpion simulacrum claws you.
* * * LOW HITPOINT WARNING * * *
The emperor scorpion simulacrum freezes you!
You resist.
* * * LOW HITPOINT WARNING * * *
The emperor scorpion simulacrum claws you but does no damage.
The jorogumo is struck by your spines.
The jorogumo hits you but does no damage.
The demonic crawler is struck by your spines.
The demonic crawler misses you.
The demonic crawler hits you but does no damage.
The demonic crawler hits you.
* * * LOW HITPOINT WARNING * * *
Unknown command.
You feel sick.
You hear a faint skittering sound.
Your sixfirhy hits the emperor scorpion simulacrum.
Your sixfirhy shocks the emperor scorpion simulacrum!
Your sixfirhy hits the emperor scorpion simulacrum but does no damage.
Your sixfirhy barely misses the demonic crawler.
Your sixfirhy barely misses the emperor scorpion simulacrum.
Your sixfirhy closely misses the demonic crawler.
The jorogumo casts a spell at you. The bolt of negative energy hits you!
You partially resist.
You feel drained.
You die...

###############
.........#..^.#
.......^.H3.§##
#~......s..°.#
~~~~.#...Z3@○.#
~~~~...^.○§~~~#
~########.~#~~#
{{{{{#.~~~.#
{{{#~~~~.# {
{#~~~.## {
{{#~~...#
{{##~...#
#~~...#


You could see a jorogumo, a demonic crawler (ally target), an emperor scorpion
simulacrum (ally target) and 2 friendly sixfirhies.

Vanquished Creatures
  Arachne (Spider:3)
  Gastronok (D:7)
  Agnes (D:15)
  A fire giant (D:15)
  5 emperor scorpions
  2 ghost moths (Spider:4)
  4 broodmothers
  2 orc warlords
  2 spark wasps (Spider:1)
  Snorg (D:14)
  Josephine (D:12)
  8 vault guards (D:13)
  Fannar (D:10)
  8 hydras
  An entropy weaver (Spider:3)
  Erolcha (D:10)
  Harold (Orc:1)
  2 radroaches
  An alligator (Lair:5)
  A merfolk avatar (Lair:5)
  A catoblepas (Lair:2)
  6 centaur warriors
  2 ogre magi (D:15)
  6 boulder beetles
  Erica (D:10)
  A death knight (D:13)
  14 two-headed ogres
  A jorogumo (Spider:2)
  4 death yaks (Lair:4)
  4 tengu warriors
  10 demonic crawlers
  2 orc high priests (Orc:1)
  Nergalle (Lair:3)
  2 skysharks (Lair:5)
  A fire crab (Lair:5)
  6 pharaoh ants
  A sea snake (Lair:5)
  A sun moth (Spider:4)
  A skeletal warrior (D:13)
  2 orb spiders (Spider:3)
  5 orc knights
  8 steelbarb worms
  A wolf spider zombie (Spider:4)
  4 orc sorcerers
  4 harpies (Lair:5)
  An oklob plant (Lair:5)
  A deep elf pyromancer (D:12)
  10 wolf spiders
  5 meliai
  8 ugly things
  4 moths of wrath
  5 cyclopes
  6 elephants (Lair:5)
  3 manticores
  5 black mambas
  5 torpor snails
  8 cane toads
  An unseen horror (D:12)
  2 kobold demonologists
  An unseen horror (shapeshifter) (D:14)
  3 spectral redbacks (Spider:4)
  11 komodo dragons
  7 rime drakes
  3 tengu conjurers
  Psyche (D:10)
  A freezing wraith (D:13)
  A wolf spider simulacrum (D:15)
  11 trolls
  2 polar bears
  A spectral culicivora (Spider:4)
  19 tarantellas
  5 dream sheep (Lair:4)
  36 blink frogs
  A spectral tarantella (Spider:4)
  2 hornets
  3 snapping turtles (Lair:5)
  20 jumping spiders
  21 culicivoras
  2 shadows
  A yak (shapeshifter) (D:14)
  9 wyverns
  8 wraiths
  42 yaks
  54 redbacks
  3 steam dragons
  4 basilisks
  2 vampire mosquitoes (D:11)
  4 wargs
  3 acid dragons
  15 water moccasins
  2 black bears
  4 ice beasts
  42 orc warriors
  A sky beast (D:4)
  11 ogres
  4 wolves (Lair:2)
  19 centaurs
  2 phantoms (D:6)
  2 kobold brigands
  10 bullfrogs
  3 gnoll sergeants (D:10)
  3 scorpions
  3 killer bees (Lair:3)
  5 electric eels
  6 howler monkeys
  3 bombardier beetles
  4 hounds
  21 orc priests
  A human zombie (Ossuary)
  2 jellies (D:6)
  4 sleepcaps
  Jessica (D:2)
  23 orc wizards
  2 iguanas
  9 hell rats
  A hound zombie (Ossuary)
  4 mummies (Ossuary)
  Robin (D:2)
  12 gnolls
  10 river rats (Lair:2)
  5 adders
  3 shadow imps
  4 white imps
  An ufetubus (D:6)
  An adder zombie (Ossuary)
  2 worms (D:2)
  4 dart slugs
  64 orcs
  4 ball pythons
  9 bats
  6 endoplasms
  2 giant cockroaches
  A gnoll zombie (Ossuary)
  18 goblins
  16 hobgoblins
  8 kobolds
  11 quokkas
  3 frilled lizards
  2 goblin zombies (Ossuary)
  A hobgoblin zombie (Ossuary)
  A jackal zombie (Ossuary)
  An orc zombie (Ossuary)
  15 rats
  A rat zombie (Ossuary)
  2 butterflies
894 creatures vanquished.

Vanquished Creatures (collateral kills)
  An entropy weaver (Spider:2)
  A rakshasa (D:14)
  An ogre mage (Orc:2)
  A death yak (Lair:4)
  A skyshark (Lair:5)
  A wolf spider (Spider:4)
  3 ugly things
  A moth of wrath (Spider:4)
  3 tarantellas
  2 blink frogs
  4 jumping spiders
  3 culicivoras
  A wraith (D:13)
  2 yaks (D:12)
  A steam dragon (D:10)
  4 redbacks
  A gnoll sergeant (D:10)
  An electric eel (Bailey)
  A human zombie (Ossuary)
  3 gnolls (D:10)
  3 orcs
  2 goblins (D:2)
  A hobgoblin zombie (Ossuary)
42 creatures vanquished.

Vanquished Creatures (others)
  A water moccasin (Lair:5)
  An orc warrior (Bailey)
  2 gnolls (D:10)
  An orc (D:5)
  A goblin (Bailey)
  A bat (Lair:2)
7 creatures vanquished.

Grand Total: 943 creatures vanquished

Notes
Turn   | Place    | Note
-------+----------+-------------------------------------------
     0 | D:1      | grandjackal the Demonspawn Gladiator began the quest for
                  | the Orb.
     0 | D:1      | Reached XP level 1. HP: 16/16 MP: 1/1
   120 | D:1      | Found Aforyrral's Book Shop.
   223 | D:1      | Gained mutation: You are partially covered in sharp spines.
                  | [demonic ancestry]
   223 | D:1      | Reached XP level 2. HP: 17/22 MP: 2/2
   808 | D:2      | Gained mutation: A weak demonic guardian rushes to your
                  | aid. [demonic ancestry]
   808 | D:2      | Reached XP level 3. HP: 20/28 MP: 3/3
   913 | D:2      | Noticed Robin
   922 | D:2      | Killed Robin
   927 | D:2      | Reached skill level 1 in Armour
  1041 | D:2      | Noticed Jessica
  1045 | D:2      | Killed Jessica
  1046 | D:2      | Reached XP level 4. HP: 27/35 MP: 4/4
  2009 | D:3      | Gained mutation: You are partially covered in thin metallic
                  | scales. (AC +2) [demonic ancestry]
  2009 | D:3      | Reached XP level 5. HP: 39/41 MP: 5/5
  2160 | D:3      | Found Ykloeco's General Store.
  2560 | D:4      | Found a hazy altar of Hepliaklqana.
  2597 | D:4      | Noticed a centaur
  2606 | D:4      | Killed a centaur
  2607 | D:4      | Reached XP level 6. HP: 42/48 MP: 6/6
  2733 | D:4      | Found a shimmering altar of Xom.
  2849 | D:4      | Found an opulent altar of Gozag.
  3076 | D:4      | Noticed a sky beast
  3082 | D:4      | Killed a sky beast
  3083 | D:4      | Gained mutation: You have a pair of small antennae on your
                  | head. [demonic ancestry]
  3083 | D:4      | Reached XP level 7. HP: 55/55 MP: 7/7
  3171 | D:4      | Found a blossoming altar of Fedhas.
  3368 | D:5      | Entered Level 5 of the Dungeon
  3474 | D:6      | Noticed a steam dragon
  3482 | D:6      | Killed a steam dragon
  3483 | D:6      | Reached skill level 5 in Fighting
  3483 | D:6      | Reached skill level 5 in Axes
  3520 | D:6      | Found a sand-covered staircase.
  3525 | Ossuary  | Entered an ossuary
  3633 | Ossuary  | Gained mutation: You are mostly covered in thin metallic
                  | scales. (AC +3) [demonic ancestry]
  3633 | Ossuary  | Reached XP level 8. HP: 64/64 MP: 8/8
  3831 | D:5      | Found a radiant altar of Vehumet.
  3835 | D:5      | Reached skill level 5 in Armour
  4510 | D:6      | Reached XP level 9. HP: 61/72 MP: 9/9
  4572 | D:6      | Found a staircase to the Ecumenical Temple.
  4724 | Temple   | Entered the Ecumenical Temple
  4734 | Temple   | Became a worshipper of Qazlal Stormbringer
  4857 | D:6      | Identified the ring of Wigrok {rElec Will+ Int+3 Slay+2}
  4915 | D:6      | Reached skill level 1 in Invocations
  4925 | D:6      | Found a sparkling altar of Nemelex Xobeh.
  4999 | D:6      | Reached skill level 2 in Invocations
  5235 | D:7      | Reached skill level 3 in Invocations
  5297 | D:7      | Noticed a queen bee
  5519 | D:7      | Found a transporter.
  5523 | D:7      | Found a transporter.
  5523 | D:7      | Noticed BigPumpCobain's ghost (novice DrSh)
  5595 | D:7      | Reached skill level 4 in Invocations
  5756 | D:7      | Found Kevuczi's Serpentskin Sales.
  5892 | D:8      | Noticed Gastronok
  6095 | D:8      | Reached * piety under Qazlal
  6311 | D:8      | Reached skill level 5 in Invocations
  6326 | D:8      | Found a flagged portal.
  6335 | Bailey   | Entered a bailey
  6478 | Bailey   | Gained mutation: A demonic guardian rushes to your aid.
                  | [demonic ancestry]
  6478 | Bailey   | Reached XP level 10. HP: 82/82 MP: 14/14
  6498 | Bailey   | Reached skill level 6 in Invocations
  6545 | Bailey   | Acquired a +1 heavy broad axe
  6577 | Bailey   | Noticed an orc knight
  6597 | Bailey   | Killed an orc knight
  6836 | Bailey   | Found an iron altar of Okawaru.
  6836 | Bailey   | Noticed an orc sorcerer
  6841 | Bailey   | Killed an orc sorcerer
  6841 | Bailey   | Reached ** piety under Qazlal
  6842 | Bailey   | Reached skill level 7 in Invocations
  6913 | Bailey   | Identified the -1 pair of boots of Gozag, Dancing {Will+
                  | rCorr Str-3}
  7528 | D:8      | Identified the +1 leather armour "Egaha" {rC+ Will+ Int+3}
  7921 | D:3      | Bought 2 scrolls of enchant weapon for 210 gold pieces
  8053 | D:9      | Found a snail-covered altar of Cheibriados.
  8283 | D:9      | Reached skill level 8 in Invocations
  8314 | D:9      | Noticed a cyan ugly thing
  8318 | D:9      | Killed a cyan ugly thing
  8443 | D:9      | Reached skill level 10 in Fighting
  8465 | D:9      | Found a staircase to the Orcish Mines.
  8470 | D:9      | Reached skill level 9 in Invocations
  8600 | D:9      | Reached XP level 11. HP: 90/90 MP: 17/17
  8978 | D:10     | Entered Level 10 of the Dungeon
  8998 | D:10     | Noticed Psyche
  8999 | D:10     | Noticed Erica
  9007 | D:10     | Killed Psyche
  9009 | D:10     | Killed Erica
  9033 | D:10     | Noticed Fannar
  9038 | D:10     | Killed Fannar
  9041 | D:10     | Reached *** piety under Qazlal
  9216 | D:10     | Reached skill level 10 in Invocations
  9320 | D:10     | Reached skill level 10 in Axes
  9377 | D:10     | Noticed Erolcha
  9382 | D:10     | Killed Erolcha
  9595 | D:10     | Found a faded altar of an unknown god.
  9603 | D:10     | Found a faded altar of an unknown god.
  9605 | D:10     | Found an iron altar of Okawaru.
  9607 | D:10     | Found a hide-covered altar of Uskayaw.
  9794 | D:11     | Found Naollof's Weapon Emporium.
  9893 | D:11     | Found a staircase to the Lair.
  9935 | D:11     | Reached skill level 11 in Invocations
 10075 | D:11     | Noticed a centaur warrior
 10083 | D:11     | Killed a centaur warrior
 10703 | D:12     | Noticed a centaur warrior
 10709 | D:12     | Killed a centaur warrior
 10741 | D:12     | Identified the +0 trident "Ciceumua" {flame, Int+2}
 10770 | D:12     | Reached **** piety under Qazlal
 10771 | D:12     | Gained mutation: Your hexes are more powerful. [demonic
                  | ancestry]
 10771 | D:12     | Reached XP level 12. HP: 99/101 MP: 20/20
 10901 | D:12     | Reached skill level 12 in Invocations
 11182 | D:12     | Noticed Josephine
 11186 | D:12     | Killed Josephine
 11688 | D:13     | Noticed a death knight
 11845 | Orc:1    | Entered Level 1 of the Orcish Mines
 11851 | Orc:1    | Noticed an orc warlord
 11858 | Orc:1    | Killed an orc warlord
 11859 | Orc:1    | Reached skill level 13 in Invocations
 11861 | Orc:1    | HP: 1/103 [orc warrior/+0 trident[an orc warlord] (13)]
 12008 | Orc:1    | Noticed Harold
 12018 | Orc:1    | Killed Harold
 12023 | Orc:1    | Noticed an orc high priest
 12033 | Orc:1    | Killed an orc high priest
 12354 | Orc:1    | Found a bloodstained altar of Trog.
 12377 | Orc:2    | Entered Level 2 of the Orcish Mines
 12378 | Orc:2    | Noticed an orc high priest
 12379 | Orc:2    | Noticed a two-headed ogre
 12379 | Orc:2    | Noticed a two-headed ogre
 12380 | Orc:2    | Noticed an ogre mage
 12411 | Orc:1    | Killed a two-headed ogre
 12481 | Orc:2    | Noticed an orc warlord
 12489 | Orc:1    | Killed an orc high priest
 12781 | Orc:2    | Reached skill level 14 in Invocations
 12791 | Orc:1    | Killed a two-headed ogre
 12792 | Orc:1    | Gained mutation: You have a pair of antennae on your head.
                  | [demonic ancestry]
 12792 | Orc:1    | Reached XP level 13. HP: 110/111 MP: 23/23
 12854 | Orc:2    | Reached ***** piety under Qazlal
 12950 | Orc:2    | Killed an orc warlord
 13226 | Orc:2    | Found Ufeoc's General Store.
 13229 | Orc:2    | Found Yriown's Jewellery Shoppe.
 13239 | Orc:2    | Found Aclunnom's Antique Weapon Shoppe.
 13280 | Orc:2    | Bought a potion of heal wounds for 50 gold pieces
 13301 | Orc:2    | Found Vacwaus's Antique Armour Shoppe.
 13323 | Orc:2    | Found a staircase to the Elven Halls.
 13505 | Orc:2    | Found Vufur's Book Emporium.
 13779 | D:7      | Killed Gastronok
 13850 | D:3      | Bought the +3 plate armour of Baggukk {rN+ Str+4 Int+2
                  | SInv} for 924 gold pieces
 13850 | D:3      | Bought a scroll of immolation for 56 gold pieces
 13850 | D:3      | Bought a potion of mutation for 112 gold pieces
 14027 | Lair:1   | Entered Level 1 of the Lair of Beasts
 14048 | Lair:1   | Reached skill level 15 in Invocations
 14369 | Lair:1   | Identified the +9 quarterstaff "Tattletale" {flame, Int+3}
 15278 | Lair:2   | Reached ****** piety under Qazlal
 15778 | Lair:3   | Reached skill level 16 in Invocations
 15804 | Lair:3   | Found a hole to the Spider Nest.
 15810 | Lair:3   | Noticed Nergalle
 15818 | Lair:3   | Killed Nergalle
 15819 | Lair:3   | Reached XP level 14. HP: 120/121 MP: 26/26
 15825 | Lair:3   | Found a staircase to the Shoals.
 16979 | Lair:4   | Reached skill level 15 in Fighting
 16987 | Lair:4   | Reached skill level 17 in Invocations
 17450 | Lair:5   | Entered Level 5 of the Lair of Beasts
 17821 | Lair:5   | Gained mutation: You have a pair of large antennae on your
                  | head. (SInv) [demonic ancestry]
 17821 | Lair:5   | Reached XP level 15. HP: 104/130 MP: 27/27
 17895 | Lair:5   | Found a staircase to the Slime Pits.
 17902 | Lair:5   | Reached skill level 18 in Invocations
 17940 | Lair:5   | Found a snail-covered altar of Cheibriados.
 18994 | D:13     | Reached skill level 1 in Shields
 19351 | D:13     | Found a gate to the Vaults.
 19595 | D:14     | Reached skill level 15 in Axes
 19695 | D:14     | Noticed Snorg
 19711 | D:14     | Killed Snorg
 20320 | D:15     | Entered Level 15 of the Dungeon
 20322 | D:15     | Found Ogani's Antique Weapon Shop.
 20370 | D:15     | Reached skill level 19 in Invocations
 20588 | D:15     | Noticed a fire giant
 20592 | D:15     | Noticed Agnes
 20603 | D:15     | Killed Agnes
 20679 | D:15     | Found a staircase to the Depths.
 20704 | D:15     | Killed a fire giant
 20705 | D:15     | Gained mutation: Your melee attacks may debilitate your
                  | foes. [demonic ancestry]
 20705 | D:15     | Reached XP level 16. HP: 85/140 MP: 29/29
 20872 | D:15     | Found a runed translucent gate.
 20873 | D:15     | Found a runed translucent gate.
 20875 | D:15     | Found a runed translucent gate.
 20913 | D:15     | Noticed Nessos
 20914 | D:15     | Nessos changed into Nessos the meliai
 20914 | D:15     | Noticed Nessos
 20920 | D:15     | Killed Nessos the meliai
 20921 | D:15     | Reached skill level 5 in Shields
 21224 | D:15     | Noticed Archuejo's ghost (journeyman MiCj)
 21555 | Spider:1 | Entered Level 1 of the Spider Nest
 22560 | Spider:2 | Reached skill level 20 in Invocations
 23236 | Spider:3 | Noticed Arachne
 23258 | Spider:3 | Killed Arachne
 23796 | Spider:3 | Identified the +5 ring mail of Pocolu {rN+ Regen+}
 24002 | Spider:4 | Entered Level 4 of the Spider Nest
 24011 | Spider:4 | Reached XP level 17. HP: 136/149 MP: 11/31
 24053 | Spider:4 | Identified the +9 war axe of Eresiwk {holy, Fly Will+ Dex+5
                  | Stlth-}
 24575 | Spider:4 | Reached skill level 21 in Invocations
 24579 | Spider:4 | HP: 6/143 [jorogumo/bolt of negative energy (14)]
 24581 | Spider:4 | Killed from afar by a jorogumo

Illustrated notes

Levels and vault maps discovered:
D:1:      saegor_arrival_simple_e, layout_loops_cross, serial_shops,
          nicolae_book_shop_shelving
D:2:      layout_basic, uniq_jessica, uniq_robin
D:3:      layout_basic, serial_shops, nicolae_shop_stone
D:4:      layout_loops_ring, lemuel_coloured_pillars_altar,
          mainiacjoe_overflow_catwalk, xom_butterflies, marbit_many_paths,
          kennysheep_donut
D:5:      layout_rooms, mainiacjoe_overflow_boulevard,
          mainiacjoe_overflow_concentric_impassable
D:6:      layout_gridville, mainiacjoe_overflow_brackets,
          lemuel_temple_firewalk_a, enter_ossuary_5, hangedman_glass_teeth,
          hangedman_decor_riveting, minmay_between
D:7:      layout_loops_ring, gammafunk_ghost_hive, guppyfry_shop_venom
D:8:      layout_loops_ring, enter_bailey_7, uniq_gastronok
D:9:      layout_stronghold, cheibriados_altar_1, david_orc_5
D:10:     layout_rooms, chequers_temple_overflow_minitemple,
          minmay_fractal_squares_diagonal_5, uniq_erolcha, uniq_erica,
          uniq_psyche, uniq_fannar
D:11:     layout_basic, lair_entry_dummy, serial_shops, shop
D:12:     layout_loops_corners, gauntlet_entry_generic, uniq_josephine
D:13:     layout_long_grid, erik_vaults_2, nicolae_elyvilon_peaceful_grove
D:14:     layout_basic, minmay_misc_feat_enclosed, uniq_snorg
D:15:     grunt_enter_depths_giant_problem, layout_loops_corners,
          gammafunk_ghost_hydra_chop, serial_bayou_pond_e, serial_shops,
          nicolae_shop_stone, uniq_nessos, uniq_agnes
Temple:   jpeg_temple_clearing
Lair:1:   layout_long_grid
Lair:2:   lemuel_ratsnest, layout_regular_city, roderic_batcave,
          infiniplex_staircase_pool
Lair:3:   layout_roguey, minmay_shoals_entry_centaurs,
          hellmonk_spider_entry_not_the_bees, uniq_nergalle
Lair:4:   layout_cave_pods
Lair:5:   gammafunk_lair_ancient_temple, layout_regular_city,
          minmay_slime_entry_oklob_enclosed, nicolae_quartered_pool_medium,
          dreamdust_mushroom_princess, lemuel_centaur_altar
Spider:1: layout_spider_delve
Spider:2: layout_spider_delve
Spider:3: layout_spider_delve, hangedman_spider_tarantella_strand, uniq_arachne
Spider:4: floodkiller_spider_rune_tomb
Orc:1:    layout_caves, david_defended_altar_orc, uniq_harold
Orc:2:    grunt_orc_cross, layout_caves, serial_shops,
          nicolae_shop_advertising_works [nicolae_subvault_shop_adworks],
          basic_altar

Skill      XL: |  1  2  3  4  5  6  7  8  9 10 11 12 13 14 15 16 17 |
---------------+----------------------------------------------------+-----
Throwing       | 2 |  2.0
Dodging        | 3 |  3.0
Axes           | 3 4 5 6 8 9 10 12 13 14 15 16 | 16.6
Armour         | 1 2 3 4 5 6 |  6.0
Fighting       | 3 4 5 7 8 10 11 13 14 15 16 17 18 | 18.0
Invocations    | 5 9 11 14 16 17 19 20 21 | 21.0
Shields        | 4 7 8 |  8.2

Action                     |  1- 3 |  4- 6 |  7- 9 | 10-12 | 13-15 | 16-18 || total
---------------------------+-------+-------+-------+-------+-------+-------++-------
  Melee: War axe           |    37 |       |       |       |       |       ||    37
         Trident           |    20 |    86 |   240 |    16 |    26 |       ||   388
         Punch             |       |     1 |     3 |     4 |     8 |       ||    16
         Broad axe         |       |       |       |   300 |   602 |   331 ||  1233
  Throw: Throwing net      |       |       |       |     3 |     1 |       ||     4
 Invoke: Upheaval          |       |       |       |     4 |       |       ||     4
  Evoke: Wand              |       |       |     1 |     3 |     1 |     1 ||     6
    Use: Potion            |       |       |     2 |     1 |       |     6 ||     9
         Scroll            |       |       |     2 |    20 |     6 |     3 ||    31
   Stab: Distracted        |     2 |       |     1 |     3 |       |     3 ||     9
         Held in net/web   |       |       |       |     1 |       |       ||     1
         Paralysed         |       |       |       |       |     3 |       ||     3
 Armour: Ring mail         |    31 |    37 |   202 |       |       |       ||   270
         Leather armour    |     3 |       |       |       |       |       ||     3
         Skin              |       |       |    42 |     1 |       |       ||    43
         Plate armour      |       |       |    44 |   397 |   731 |   606 ||  1778
         Chain mail        |       |       |       |    58 |    92 |       ||   150
  Dodge: Dodged            |    31 |    35 |   174 |   114 |   311 |   172 ||   837
         Repelled          |       |       |       |     1 |     7 |     3 ||    11
  Block: Other             |       |       |     1 |    73 |   214 |       ||   288
         Buckler           |       |       |       |       |    54 |   368 ||   422
         Reflection        |       |       |       |       |       |     4 ||     4

Table legend: (Time is in decaauts)
 A = Elapsed time spent in this place.
 B = Non-inter-level travel time spent in this place.
 C = Inter-level travel time spent in this place.
 D = Time resting spent in this place.
 E = Time spent auto-exploring this place.
 F = Levels seen in this place.
 G = Mean time per level.
                   A        B        C        D        E       F      G
               +--------+--------+--------+--------+--------+-----+--------+
         Total |  25499 |  23679 |   1820 |   2738 |  15467 |  29 |  879.3 |
       Dungeon |  14236 |  12919 |   1317 |   1142 |   9174 |  15 |  949.1 |
        Temple |     20 |      1 |     19 |      0 |      0 |   1 |   20.0 |
          Lair |   4953 |   4639 |    314 |    235 |   3388 |   5 |  990.6 |
   Spider Nest |   3136 |   3033 |    103 |    604 |   1694 |   4 |  784.0 |
  Orcish Mines |   1876 |   1810 |     66 |    361 |    924 |   2 |  938.0 |
       Ossuary |    190 |    190 |      0 |     11 |     93 |   1 |  190.0 |
        Bailey |   1085 |   1085 |      0 |    385 |    192 |   1 | 1085.0 |
               +--------+--------+--------+--------+--------+-----+--------+

Top non-repeatable levels by time:
     D:9: 1308 daAuts
  Lair:5: 1268 daAuts
    D:12: 1186 daAuts
    D:15: 1124 daAuts
    D:11: 1103 daAuts
  Bailey: 1085 daAuts
Spider:2: 1084 daAuts
     D:6: 1076 daAuts
  Lair:4: 1070 daAuts
  Lair:2: 1040 daAuts
     D:3: 1026 daAuts
   Orc:2: 955 daAuts
    D:13: 923 daAuts
     D:4: 921 daAuts
   Orc:1: 920 daAuts
